 Dungeon Crawl Stone Soup version 0.21-a0-265-gb353147 (webtiles) character file.

46 Kidiri the Magician (level 3, -3/19 HPs)
             Began as a Deep Elf Fire Elementalist on Sept 10, 2017.
             Killed by nerve-wracking pain
             ... invoked by a shadow imp
             ... summoned by Natasha
              (14 damage)
             ... on level 2 of the Dungeon.
             The game lasted 00:04:29 (1313 turns).

Kidiri the Magician (Deep Elf Fire Elementalist)    Turns: 1313, Time: 00:04:30

Health: -3/19      AC:  2    Str:  5    XL:     3   Next: 46%
Magic:  9/10       EV: 13    Int: 20    God:
Gold:   122        SH:  0    Dex: 15    Spells: 1/10 levels left

rFire    . . .     SeeInvis .   j - +1 dagger (curse)
rCold    . . .     Gourm    .   (no shield)
rNeg     . . .     Faith    .   a - +0 robe
rPois    .         Spirit   .   (no helmet)
rElec    .         Reflect  .   (no cloak)
rCorr    .         Harm     .   (no gloves)
MR       .....                  (no boots)
Stlth    ++........             (no amulet)
HPRegen  0.06/turn              (no ring)
MPRegen  0.12/turn              (no ring)

@: no status effects
A: no striking features
a: no special abilities


You were on level 2 of the Dungeon.
You were not hungry.

You visited 1 branch of the dungeon, and saw 2 of its levels.

You collected 122 gold pieces.

Inventory:

Hand Weapons
 j - a cursed +1 dagger (weapon)
Armour
 a - a +0 robe (worn)
Scrolls
 l - a scroll of blinking
Potions
 d - a potion of resistance {unknown}
 f - a potion of might
 g - a potion of heal wounds {unknown}
 h - a potion of curing
Books
 b - a book of Flames

   Spells                             Type                      Level
   a - Flame Tongue                   Conjuration/Fire             1
   b - Throw Flame                    Conjuration/Fire             2
   c - Conjure Flame                  Conjuration/Fire             3
   d - Inner Flame                    Hexes/Fire                   3
   e - Sticky Flame                   Conjuration/Fire             4
   f - Fireball                       Conjuration/Fire             5
Comestibles
 c - 2 bread rations
 k - 4 chunks of flesh


   Skills:
 - Level 2.4 Dodging
 - Level 2.4 Stealth
 * Level 4.3 Spellcasting
 + Level 2.1 Conjurations
 + Level 3.7 Fire Magic


You had one spell level left.
You knew the following spells:

 Your Spells              Type           Power        Failure   Level  Hunger
a - Flame Tongue          Conj/Fire      ###..        3%          1    None
b - Throw Flame           Conj/Fire      ###...       5%          2    #......
c - Conjure Flame         Conj/Fire      ###.....     11%         3    ###....
d - Inner Flame           Hex/Fire       ##......     17%         3    ###....


Dungeon Overview and Level Annotations

Branches:
Dungeon (2/15)

Altars:

Annotations:
D:2 Natasha


Message History

Natasha mumbles some strange words.
Casting: Flame Tongue
Confirm with . or Enter, or press ? or * to list all spells.
You don't know that spell.
Unknown command.
Unknown command.
Casting: Flame Tongue
Confirm with . or Enter, or press ? or * to list all spells.
Aiming: Flame Tongue
Press: ? - help, Shift-Dir - straight line, f - white imp
Aim: a white imp (summoned)
The flame tongue hits the white imp.
The white imp is burned terribly!
You kill the white imp!
Natasha claws you! The shadow imp misses you.
Unknown command.
The shadow imp closely misses you. The shadow imp gestures at you.
Pain shoots through your body!
Ouch! That really hurt!
You die...

..... ...? #..... #..#
###. #...[. #..##...
##.....##..#..#
..........?..####
.......#...<..... ####
.......b........$ ...
........hw....#.### #..
.......@5####....?####..
...#####....####........
####..........###
#########..... ##...#
###.. #. #


You could see a worm, Natasha, a shadow imp and a bat.

Vanquished Creatures
  2 adders (D:2)
  2 worms (D:2)
  A dart slug (D:2)
  2 goblins
  3 hobgoblins (D:1)
  3 jackals (D:1)
  4 kobolds
  2 bats (D:1)
  2 frilled lizards
  A rat (D:2)
22 creatures vanquished.

Notes
Turn   | Place    | Note
-------+----------+-------------------------------------------
     0 | D:1      | Kidiri the Deep Elf Fire Elementalist began the quest for the Orb.
     0 | D:1      | Reached XP level 1. HP: 10/10 MP: 6/6
   363 | D:1      | Reached XP level 2. HP: 13/15 MP: 5/8
   382 | D:1      | Learned a level 2 spell: Throw Flame
  1016 | D:2      | Reached skill level 4 in Spellcasting
  1016 | D:2      | Reached XP level 3. HP: 15/19 MP: 4/10
  1021 | D:2      | Learned a level 3 spell: Conjure Flame
  1025 | D:2      | Learned a level 3 spell: Inner Flame
  1299 | D:2      | Noticed Natasha
  1313 | D:2      | Killed from afar by a shadow imp

Vault maps used:
D:1:      giann_bridges, minmay_misc_feat_five, kennysheep_small_spiral
D:2:      first_bread, uniq_natasha

Skill      XL: |  1  2  3 |
---------------+----------+-----
Spellcasting   | 4 |  4.3
Conjurations   | 2 |  2.1
Dodging        | |  2.4
Stealth        | |  2.4
Fire Magic     | |  3.7

Action                   || total
-------------------------++-------
Melee: Short sword       ||     8
       Dagger            ||     1
 Cast: Flame Tongue      ||    48
       Throw Flame       ||     2
  Use: Scroll            ||     5
       Potion            ||     2
 Stab: Sleeping          ||     1
  Eat: Chunk             ||     1
Armor: Robe              ||     3
Dodge: Dodged            ||    25

Table legend:
 A = Spawn XP
 B = Non-spawn XP
 C = Spawn XP percentage of total XP
 D = Spawn monster count
 E = Non-spawn monster count
 F = Spawn count percentage of total count
 G = Total turns spent on level
                    A         B        C        D         E        F      G
               +---------+---------+-------+---------+---------+-------+---------
         Total |       0 |      67 |   0.0 |       0 |      22 |   0.0 |  1313
               +---------+---------+-------+---------+---------+-------+---------
           D:1 |       0 |      23 |   0.0 |       0 |      13 |   0.0 |   917
           D:2 |       0 |      44 |   0.0 |       0 |       9 |   0.0 |   396
               +---------+---------+-------+---------+---------+-------+---------
